 Dungeon Crawl Stone Soup version 0.21-a0-442-g848f44b3bc (webtiles) character file.

1297 Lyck the Covert (level 8, -10/36 HPs)
             Began as a Spriggan Enchanter on Nov 17, 2017.
             Was a Follower of Dithmenos.
             Killed by nerve-wracking pain
             ... invoked by an orc priest
              (12 damage)
             ... on level 5 of the Dungeon.
             The game lasted 00:12:47 (6941 turns).

Lyck the Covert (Spriggan Enchanter)                Turns: 6941, Time: 00:12:48

Health: -10/36     AC:  7    Str:  5    XL:     8   Next: 31%
Magic:  6/17       EV: 18    Int: 17    God:    Dithmenos [*.....]
Gold:   209        SH:  0    Dex: 17    Spells: 6/18 levels left

rFire    + . .     SeeInvis +   d - +0 short sword (elec)
rCold    . . .     Gourm    .   (shield restricted)
rNeg     . . .     Faith    .   b - +1 robe
rPois    .         Spirit   .   (helmet restricted)
rElec    .         Reflect  .   (no cloak)
rCorr    +         Harm     .   (gloves unavailable)
MR       +....                  (boots unavailable)
Stlth    ++++++....             o - amulet of inaccuracy (curse)
HPRegen  0.12/turn              j - ring of protection from fire
MPRegen  0.15/turn              i - ring of resist corrosion

@: very slightly contaminated, wreathed by umbra, very quick
A: unfitting armour, iridescent scales 1, slimy green scales 1, see invisible,
deterioration 1, herbivore 3, speed 3, sense surroundings 1, slow metabolism 2
a: Renounce Religion


You were on level 5 of the Dungeon.
You worshipped Dithmenos.
Dithmenos was aware of your devotion.
You were not hungry.

You visited 2 branches of the dungeon, and saw 6 of its levels.

You collected 209 gold pieces.

Inventory:

Hand Weapons
 a - a +1 dagger
 d - a +0 short sword of electrocution (weapon)
 n - a +0 rapier
Armour
 b - a +1 robe (worn)
Jewellery
 i - a ring of resist corrosion (right hand)
 j - a ring of protection from fire (left hand)
 o - a cursed amulet of inaccuracy (around neck)
Wands
 l - a wand of lightning (8/15)
Scrolls
 f - 3 scrolls of identify
 h - a scroll of teleportation
 m - a scroll of remove curse
Potions
 e - 2 potions of agility
 k - 2 potions of ambrosia
Books
 c - a book of Maledictions

   Spells                             Type                      Level
   a - Corona                         Hexes                        1
   b - Ensorcelled Hibernation        Hexes/Ice                    2
   c - Confuse                        Hexes                        3
   d - Tukima's Dance                 Hexes                        3
   e - Dazzling Spray                 Conjuration/Hexes            3
Comestibles
 g - 4 bread rations
 p - a royal jelly


   Skills:
 - Level 1.1 Short Blades
 - Level 3.0 Dodging
 + Level 12.8 Stealth
 - Level 5.7 Spellcasting
 - Level 6.2 Hexes


You had 6 spell levels left.
You knew the following spells:

 Your Spells              Type           Power        Failure   Level  Hunger
a - Ensorcelled Hibernat  Hex/Ice        ###...       5%          2    #......
b - Corona                Hex            ####...      1%          1    None
c - Confuse               Hex            ####....     3%          3    ##.....
d - Tukima's Dance        Hex            ####....     3%          3    ##.....
e - Dazzling Spray        Conj/Hex       ###...       11%         3    ##.....


Dungeon Overview and Level Annotations

Branches:
Dungeon (5/15)             Temple (1/1) D:4

Altars:
Ashenzari
Cheibriados
Dithmenos
Elyvilon
Fedhas
Gozag
Hepliaklqana
Kikubaaqudgha
Makhleb
Nemelex Xobeh
Okawaru
Qazlal
Sif Muna
Trog
Uskayaw
Wu Jian
Xom
Zin
The Shining One

Annotations:
D:5 Edmund


Innate Abilities, Weirdness & Mutations

You are very small and have problems with some larger weapons.
You are too small for most types of armour.
You have supernaturally acute eyesight. (SInv)
You are a herbivore.
You cover ground extremely quickly.
You need consume almost no food.
You are partially covered in iridescent scales. (AC +2)
You are partially covered in slimy green scales. (AC +2)
Your body sometimes deteriorates upon taking damage.
You passively map a small area around you.


Message History

You barely miss the orc priest.
The orc priest is severely wounded.
The orc priest invokes the aid of Beogh against you.
Pain shoots through your body!
* * * LOW HITPOINT WARNING * * *
You hit the orc priest.
The orc priest is almost dead.
The orc priest closely misses you.
You closely miss the orc priest.
The orc priest is almost dead.
The orc priest hits you with a dagger.
* * * LOW HITPOINT WARNING * * *
You hit the orc priest but do no damage.
The orc priest is almost dead.
The orc priest completely misses you.
You hit the orc priest but do no damage.
The orc priest is almost dead.
The orc priest invokes the aid of Beogh against you.
Pain shoots through your body!
You die...

* #.# #.# ,
* #####.#
#.#
#...#.####.#
... #..#
#..........#
... $... ,
#...#.######
... #..#
######.##.#
#..#..#
#.........#
###.Z#.@#
#.####o####
......o.#
#.# #@#
#.....o.#
#.# #.#
#..w.###o#
#.#
#..ooo...#
#.#
#.########*
#.# , # , ,
..# * **** *
### ,* *


You could see an orc priest.

Vanquished Creatures
  The ghost of Conn321 the Firebug, a novice HOFE (D:4)
  A wyvern (D:4)
  An ogre (D:5)
  The ghost of Lyck the Vexing, an amateur SpEn (D:3)
  2 scorpions (D:4)
  A crimson imp (D:3)
  A bullfrog zombie (D:5)
  A bullfrog skeleton (D:4)
  A jelly (D:5)
  9 orc wizards
  A centaur skeleton (D:4)
  Terence (D:3)
  A worker ant (D:5)
  5 adders
  A howler monkey skeleton (D:4)
  2 oozes
  2 adder skeletons (D:5)
  A dart slug (D:2)
  5 leopard geckos
  18 orcs
  4 ball pythons
  4 bats
  2 giant cockroaches (D:1)
  6 goblins
  11 hobgoblins
  7 jackals
  A quokka (D:3)
  A ball python skeleton (D:4)
  7 frilled lizards
  3 kobolds
  A leopard gecko skeleton (D:4)
  6 rats
109 creatures vanquished.

Notes
Turn   | Place    | Note
-------+----------+-------------------------------------------
     0 | D:1      | Lyck the Spriggan Enchanter began the quest for the Orb.
     0 | D:1      | Reached XP level 1. HP: 9/9 MP: 5/5
   214 | D:1      | Reached XP level 2. HP: 13/13 MP: 7/7
   218 | D:1      | Learned a level 2 spell: Ensorcelled Hibernation
   648 | D:1      | Found a sparkling altar of Nemelex Xobeh.
   895 | D:1      | Reached XP level 3. HP: 16/16 MP: 6/9
   900 | D:1      | Learned a level 3 spell: Confuse
   904 | D:1      | Learned a level 3 spell: Tukima's Dance
  2210 | D:2      | Found a glowing silver altar of Zin.
  2215 | D:2      | Found a hide-covered altar of Uskayaw.
  2215 | D:2      | Found an iron altar of Okawaru.
  2265 | D:2      | Reached XP level 4. HP: 16/21 MP: 2/11
  2387 | D:2      | Reached skill level 5 in Hexes
  2620 | D:3      | Noticed Lyck's ghost (amateur SpEn)
  2640 | D:3      | Killed Lyck's ghost
  2974 | D:3      | Reached XP level 5. HP: 23/24 MP: 5/13
  3157 | D:3      | Gained mutation: Your magical capacity is low. (-10% MP) [potion of mutation]
  3157 | D:3      | Gained mutation: You are agile. (Dex +2) [potion of mutation]
  3158 | D:3      | Lost mutation: Your magical capacity is low. (-10% MP) [potion of mutation]
  3158 | D:3      | Lost mutation: You are agile. (Dex +2) [potion of mutation]
  3158 | D:3      | Gained mutation: Your body sometimes deteriorates upon taking damage. [potion of mutation]
  3158 | D:3      | Gained mutation: You passively map a small area around you. [potion of mutation]
  3158 | D:3      | Gained mutation: You are partially covered in iridescent scales. (AC +2) [potion of mutation]
  3158 | D:3      | Gained mutation: You are partially covered in slimy green scales. (AC +2) [potion of mutation]
  3190 | D:3      | Reached skill level 5 in Spellcasting
  3716 | D:3      | Found a deep blue altar of Sif Muna.
  3728 | D:3      | Learned a level 3 spell: Dazzling Spray
  4013 | D:3      | Noticed Terence
  4023 | D:3      | Killed Terence
  4241 | D:3      | Reached XP level 6. HP: 28/28 MP: 15/15
  4249 | D:3      | Reached skill level 5 in Stealth
  4538 | D:4      | Reached skill level 6 in Stealth
  4693 | D:4      | Found a shimmering altar of Xom.
  4695 | D:4      | Found a white marble altar of Elyvilon.
  4696 | D:4      | Noticed Conn321's ghost (novice HOFE)
  4713 | D:4      | Killed Conn321's ghost
  4713 | D:4      | Reached skill level 9 in Stealth
  4713 | D:4      | Reached XP level 7. HP: 24/32 MP: 8/16
  4999 | D:4      | Noticed a wyvern
  5006 | D:4      | Killed a wyvern
  5006 | D:4      | Reached skill level 10 in Stealth
  5164 | D:4      | Found a staircase to the Ecumenical Temple.
  5171 | D:4      | Reached skill level 11 in Stealth
  5174 | Temple   | Entered the Ecumenical Temple
  5182 | Temple   | Became a worshipper of Dithmenos the Shadowed
  5566 | D:4      | Reached XP level 8. HP: 36/36 MP: 13/17
  6575 | D:5      | Entered Level 5 of the Dungeon
  6676 | D:5      | Reached * piety under Dithmenos
  6681 | D:5      | Reached skill level 12 in Stealth
  6892 | D:5      | Noticed Edmund
  6941 | D:5      | Killed from afar by an orc priest

Vault maps used:
D:1:      dpeg_arrival_water_temple_mockup, nemelex_xobeh_ov_fountains_minmay
D:2:      minitemple, minmay_misc_feat_more_columns
D:3:      led_sif_book, uniq_terence
D:4:      gammafunk_temple_overflow_statue, minmay_temple_entry_trees,
          first_bread, lemuel_flame_loot_1
D:5:      lemuel_crystal_altar, serial_shops, shop_fountains, uniq_edmund
Temple:   eino_narrow_crystal_temple

Skill      XL: |  1  2  3  4  5  6  7  8 |
---------------+-------------------------+-----
Spellcasting   | 3 4 5 |  5.7
Hexes          | 4 5 6 |  6.2
Stealth        | 9 11 12 | 12.8
Short Blades   | |  1.1
Dodging        | |  3.0

Action                   |  1- 3 |  4- 6 |  7- 9 || total
-------------------------+-------+-------+-------++-------
Melee: Dagger            |   109 |    81 |       ||   190
       Short sword       |       |    77 |   105 ||   182
 Cast: Ensorcelled Hiber |    16 |    16 |    15 ||    47
       Corona            |     2 |       |       ||     2
       Confuse           |     1 |     8 |     4 ||    13
       Dazzling Spray    |       |    10 |     1 ||    11
       Tukima's Dance    |       |     1 |       ||     1
  Use: Scroll            |     7 |     3 |     1 ||    11
       Potion            |       |     6 |       ||     6
 Stab: Sleeping          |    19 |    13 |    12 ||    44
       Distracted        |     1 |       |       ||     1
       Confused          |       |     6 |     1 ||     7
       Invisible         |       |       |     1 ||     1
  Eat: Bread ration      |       |     1 |       ||     1
       Royal jelly       |       |     1 |       ||     1
Armor: Robe              |     7 |    25 |    14 ||    46
Dodge: Dodged            |   104 |   143 |    77 ||   324

Table legend:
 A = Spawn XP
 B = Non-spawn XP
 C = Spawn XP percentage of total XP
 D = Spawn monster count
 E = Non-spawn monster count
 F = Spawn count percentage of total count
 G = Total turns spent on level
                    A         B        C        D         E        F      G
               +---------+---------+-------+---------+---------+-------+---------
         Total |       0 |    1853 |   0.0 |       0 |     109 |   0.0 |  6941
               +---------+---------+-------+---------+---------+-------+---------
           D:1 |       0 |      42 |   0.0 |       0 |      21 |   0.0 |  1235
           D:2 |       0 |      65 |   0.0 |       0 |      18 |   0.0 |  1704
           D:3 |       0 |     335 |   0.0 |       0 |      29 |   0.0 |  1561
           D:4 |       0 |    1008 |   0.0 |       0 |      24 |   0.0 |  1872
           D:5 |       0 |     403 |   0.0 |       0 |      17 |   0.0 |   366
               +---------+---------+-------+---------+---------+-------+---------
